 Dungeon Crawl Stone Soup version 0.18-a0-1443-ge8f1551 (webtiles) character file.

46 Karasique the Bolt Thrower (level 3, 0/21 HPs)
             Began as a Kobold Hunter on Feb 29, 2016.
             Succumbed to an adder's poison
             ... on level 2 of the Dungeon.
             The game lasted 00:03:22 (1029 turns).

Karasique the Bolt Thrower (Kobold Hunter)          Turns: 1029, Time: 00:03:22

Health: 0/21       AC:  5    Str: 10    XL:     3   Next: 95%
Magic:  3/3        EV: 13    Int:  7    God:
Gold:   36         SH:  0    Dex: 17    Spells: 0 memorised, 2 levels left

rFire  . . .     SeeInvis .     q - +2 dagger (flame)
rCold  . . .     Gourm    .     g - +0 ring mail
rNeg   . . .     Faith    .     (shield restricted)
rPois  .         Spirit   .     (helmet restricted)
rElec  .         Dismiss  .     (no cloak)
rCorr  .         Reflect  .     (no gloves)
SustAt .         Harm     .     (no boots)
MR     .....     Rnd*Tele +     (no amulet)
Stlth  +++.......               (no ring)
                                (no ring)

@: lethally poisoned (0 -> -7), not resistant to hostile enchantments, fairly
stealthy
A: horns 1, carnivore 3, dopey 1, teleportitis 1
a: no special abilities


You were on level 2 of the Dungeon.
You were very full.

You visited 1 branch of the dungeon, and saw 2 of its levels.

You collected 36 gold pieces.

Inventory:

Hand Weapons
 b - a cursed -1 short sword
 q - a +2 dagger of flaming (weapon)
 w - a +1 hand crossbow
Missiles
 d - 17 bolts
Armour
 g - a +0 ring mail (worn)
Scrolls
 a - a scroll of identify {unknown}
 e - a scroll of fear {unknown}
 i - a scroll of random uselessness {unknown}
Comestibles
 c - a slice of pizza
 f - a meat ration


   Skills:
 - Level 2.1 Fighting
 - Level 1.1 Short Blades
 - Level 4.8 Crossbows
 - Level 2.4 Dodging
 + Level 4.7 Stealth


You had 2 spell levels left.
You didn't know any spells.

Dungeon Overview and Level Annotations

Branches:
Dungeon (2/15)

Altars:


Innate Abilities, Weirdness & Mutations

You are small and have problems with some larger weapons.
You are carnivorous and can eat meat at any time.
You have a pair of small horns on your head.
You are dopey. (Int -2)
You are occasionally teleported next to monsters.


Message History

You are too injured to fight recklessly!
You closely miss the adder.
The adder is severely wounded.
You feel sick. The adder bites you but does no damage.
You hit the adder. You burn the adder.
You kill the adder!
You feel sick.
Drink which item? (? for menu, Esc to quit)
It was a potion of mutation.
You feel extremely strange.
You feel stupid. A pair of horns grows on your head!
You feel weirdly uncertain.
You feel sick.
You aren't carrying any potions.
A giant newt comes into view.
You feel sick.
You see here an adder corpse.
You feel sick.
You feel sick.
Found 2 curare-tipped needles.
You die...

#.. #.#+# #..
#...(l.. .# #.. ....
.. .# #.. ###... ..
.# ### ..... .#.#
#### #... ..(# #...
#...###..# #...
#....@...# #...
#.#####†######
###... #.......#
#.....
#...###+########.
#.#.# ...........
...#.##...........
#####..#...........
#######.#...........
#...................


There were no monsters in sight!

Vanquished Creatures
  2 adders (D:2)
  An ooze (D:1)
  A dart slug (D:1)
  4 goblins (D:1)
  7 bats
  3 giant newts
  3 kobolds
  4 rats
25 creatures vanquished.

Notes
Turn   | Place    | Note
--------------------------------------------------------------
     0 | D:1      | Karasique the Kobold Hunter began the quest for the Orb.
     0 | D:1      | Reached XP level 1. HP: 12/12 MP: 1/1
    97 | D:1      | Reached skill level 1 in Short Blades
   348 | D:1      | Reached XP level 2. HP: 17/17 MP: 2/2
   574 | D:1      | Reached XP level 3. HP: 19/21 MP: 3/3
  1023 | D:2      | Gained mutation: You are dopey. (Int -2) [potion of mutation]
  1023 | D:2      | Gained mutation: You have a pair of small horns on your head. [potion of mutation]
  1023 | D:2      | Gained mutation: You are occasionally teleported next to monsters. [potion of mutation]
  1027 | D:2      | HP: 1/21 [poisoned by an adder]
  1029 | D:2      | Succumbed to an adder's poison

Vault maps used:
D:1:      elethiomel_arrival_maze, minmay_stone_trees_small,
          serial_bayou_lagoon_a, minmay_misc_feat_rows, minivault_19
D:2:      roderic_serpentine_path, kennysheep_generic_room_10

Skill      XL: |  1  2  3 |
---------------+----------+-----
Short Blades   | 1 |  1.1
Stealth        | 2 3 4 |  4.7
Fighting       | |  2.1
Crossbows      | |  4.8
Dodging        | |  2.4

Action                   || total
-------------------------++-------
Melee: Short sword       ||    19
       Dagger            ||    42
 Fire: Hand crossbow     ||     5
  Use: Potion            ||     1
 Stab: Sleeping          ||     5
  Eat: Chunk             ||     8
